 Dungeon Crawl Stone Soup version 0.29.1-1-gd02db69 (webtiles) character file.

Game seed: 13729971062460079326

14 malesh the Ducker (level 2, 0/22 HPs)
             Began as a Demonspawn Gladiator on Oct 14, 2022.
             Succumbed to an adder's poison
             ... on level 2 of the Dungeon.
             The game lasted 00:01:31 (716 turns).

malesh the Ducker (Demonspawn Gladiator)             Turns: 716, Time: 00:01:32

Health: 0/22       AC:  4    Str: 14    XL:     2   Next: 31%
Magic:  2/2        EV: 12    Int:  9    God:
Gold:   48         SH:  0    Dex: 14    Spells: 1/1 levels left

rFire   . . .      SeeInvis .   a - +0 long sword
rCold   . . .      Faith    .   (no shield)
rNeg    . . .      Spirit   .   b - +0 leather armour
rPois   .          Reflect  .   c - +0 helmet
rElec   .          Harm     .   (no cloak)
rCorr   .          Rampage  .   (no gloves)
Will    .....                   (no boots)
Stlth   +.........              (no amulet)
HPRegen 0.07/turn               (no ring)
MPRegen 0.08/turn               (no ring)

@: brilliant, lethally poisoned (0 -> -4), attractive
A: demonic magic 1
a: no special abilities


You were on level 2 of the Dungeon.
You visited 1 branch of the dungeon, and saw 2 of its levels.

You collected 48 gold pieces.

Inventory:

Hand Weapons
 a - a +0 long sword (weapon)
Missiles
 d - 3 throwing nets (quivered)
 e - a javelin
Armour
 b - a +0 leather armour (worn)
 c - a +0 helmet (worn)
Scrolls
 k - a scroll of noise {unknown}
Potions
 g - a potion of berserk rage {unknown}
 h - a potion of flight {unknown}
 i - a potion of haste {unknown}
 j - a potion of ambrosia {unknown}
 l - a potion of attraction


   Skills:
 + Level 2.0 Fighting
 + Level 3.0 Long Blades
 + Level 2.0 Throwing
 + Level 3.0 Dodging


You had one spell level left.
You didn't know any spells.
Your spell library was empty.

Dungeon Overview and Level Annotations

Branches:
Dungeon (2/15)

Altars:


Innate Abilities, Weirdness & Mutations

Spells you cast may paralyse adjacent enemies.


Message History

The adder is lightly wounded.
The adder bites you.
You barely miss the adder.
The adder is lightly wounded.
The adder completely misses you. The adder bites you.
You barely miss the adder.
The adder is lightly wounded.
The adder bites you. x2
You are poisoned.
The adder poisons you!
You closely miss the adder.
The adder is lightly wounded.
You feel sick. The adder barely misses you.
You barely miss the adder.
The adder is lightly wounded.
You feel sick.
The adder bites you but does no damage. x2
You are too injured to fight recklessly!
You hit the adder but do no damage.
The adder is lightly wounded.
You feel sick. The adder closely misses you. x2
You slash the adder!
The adder is severely wounded.
You feel sick. The adder bites you.
* * * LOW HITPOINT WARNING * * *
You hit the adder but do no damage.
The adder is severely wounded.
You feel sick.
You are no longer poisoned.
The adder barely misses you. The adder bites you.
* * * LOW HITPOINT WARNING * * *
You are lethally poisoned!
The adder poisons you!
You are too injured to fight recklessly!
It was a potion of attraction.
You feel attractive to monsters.
* * * LOW HITPOINT WARNING * * *
You feel sick. The adder misses you.
It was a potion of brilliance.
You feel clever all of a sudden.
You die...

##### ### #.#<### ..#
#.....# #.# #.#..## #.#
#.#..# #####.# #.#..#
...#.# #.#..##
######S#.#########.#...#
.......@...........#####
.[...#.#.#............#
### #.#.#.##########.#
#.#.#.# # #.#.#.#
..#.#.# ..#.#.# ..#.#..
#.#


You could see an adder.

Vanquished Creatures
  2 ball pythons (D:1)
  An endoplasm (D:1)
  A giant cockroach (D:2)
  A goblin (D:1)
  A hobgoblin (D:1)
  3 jackals (D:1)
  2 kobolds (D:1)
  2 rats (D:1)
13 creatures vanquished.

Notes
Turn   | Place    | Note
-------+----------+-------------------------------------------
     0 | D:1      | malesh the Demonspawn Gladiator began the quest for the
                  | Orb.
     0 | D:1      | Reached XP level 1. HP: 16/16 MP: 1/1
   205 | D:1      | Gained mutation: Spells you cast may paralyse adjacent
                  | enemies. [demonic ancestry]
   205 | D:1      | Reached XP level 2. HP: 19/22 MP: 2/2
   288 | D:1      | Found a faded altar of an unknown god.
   715 | D:2      | HP: 1/22 [poisoned by an adder]
   716 | D:2      | Succumbed to an adder's poison

Illustrated notes

Levels and vault maps discovered:
D:1:      lemuel_arrival_broad_hall, layout_rooms,
          shapermc_ecumenical_altar_petra, st_stairs_10,
          chequers_serial_rivers_marsh
D:2:      layout_basic

Skill      XL: |  1  2 |
---------------+-------+-----
Throwing       | 2 |  2.0
Dodging        | 3 |  3.0
Long Blades    | 3 |  3.0
Fighting       | |  2.0

Action                   || total
-------------------------++-------
Melee: Long sword        ||    33
  Use: Potion            ||     2
Armor: Leather armour    ||    11
Dodge: Dodged            ||    21
